 Dungeon Crawl Stone Soup version 0.31-a0-845-g9abc20d24f (webtiles) character file.

Game seed: 11761101140903393530

960 Kurtz the Chopper (level 8, -5/52 HPs)
             Began as an Octopode Fighter on Oct 1, 2023.
             Was a Follower of Okawaru.
             Slain by a two-headed ogre
             ... wielding a +0 giant spiked club
              (24 damage)
             ... on level 7 of the Dungeon.
             The game lasted 00:04:59 (5714 turns).

Kurtz the Chopper (Octopode Fighter)                Turns: 5714, Time: 00:04:59

Health: -5/52      AC:  1    Str: 15    XL:     8   Next: 14%
Magic:  8/8        EV: 10    Int: 10    God:    Okawaru [*.....]
Gold:   58         SH: 14    Dex: 14    Spells: 7/7 levels left

rFire   . . .        a - +0 war axe
rCold   . . .        t - +0 tower shield
rNeg    . . .        (helmet restricted)
rPois   .            (no amulet)
rElec   .            (no ring)
rCorr   .            (no ring)
SInv    .            (no ring)
Will    .....        (no ring)
Stlth   ++           (no ring)
HPRegen 0.28/turn    (no ring)
MPRegen 0.11/turn    (no ring)
                     (no ring)

%: no passive effects
@: invisible
A: almost no armour, amphibious, 8 rings, camouflage 1, gelatinous body 1,
(nimble swimmer 1), tentacles
a: Renounce Religion, Heroism


You were on level 7 of the Dungeon.
You worshipped Okawaru.
Okawaru was aware of your devotion.
You visited 2 branches of the dungeon, and saw 8 of its levels.

You collected 398 gold pieces.
You spent 340 gold pieces at shops.

Inventory:

Hand Weapons
 a - a +0 war axe (weapon)
 s - a +0 flail of draining
Missiles
 q - 6 boomerangs (quivered)
Armour
 b - a +0 buckler
 t - a +0 tower shield (worn)
Talismans
 i - a beast talisman
Wands
 u - a wand of paralysis (6)
 w - a wand of acid (4)
Scrolls
 e - 2 scrolls of identify
 g - a scroll of revelation
 j - 3 scrolls of poison {unknown}
 l - a scroll of enchant armour {unknown}
 o - a scroll of blinking {unknown}
 r - 2 scrolls of teleportation
 x - a scroll of noise {unknown}
Potions
 c - a potion of heal wounds
 f - 3 potions of enlightenment
 h - a potion of cancellation
 k - a potion of curing
 m - 2 potions of lignification {unknown}
 n - 2 potions of attraction {unknown}
 v - a potion of haste {unknown}


   Skills:
 - Level 3.1 Fighting
 - Level 7.5 Axes
 - Level 3.0 Dodging
 * Level 5.5 Shields
 - Level 0.4 Invocations
 - Level 1.9 Shapeshifting


You had 7 spell levels left.
You didn't know any spells.
Your spell library contained the following spells:

 Spells                   Type           Power      Damage    Failure   Level
 Sting                    Tmut/Pois      0%         1d3       98%         1
 Poisonous Vapours        Pois/Air       0%         N/A       99%         2
 Olgreb's Toxic Radiance  Pois           0%         N/A       100%        4


Dungeon Overview and Level Annotations

Branches:
Dungeon (7/15)             Temple (1/1) D:6

Altars:
Ashenzari
Cheibriados
Elyvilon
Fedhas
Gozag
Hepliaklqana
Kikubaaqudgha
Makhleb
Nemelex Xobeh
Okawaru
Qazlal
Ru
Sif Muna
Trog
Uskayaw
Vehumet
Wu Jian
Xom
Yredelemnul
Zin
The Shining One

Shops:
D:3 =   D:6 ?![**

Annotations:
D:5 1 runed translucent door, Sigmund; nebug's ghost, novice MfGl


Innate Abilities, Weirdness & Mutations

You cannot wear most types of armour.
You are amphibious.
You can wear up to eight rings at the same time.
Your skin changes colour to match your surroundings (Stealth+).
Your rubbery body absorbs attacks. (AC +1, EV +1)
((You are camouflaged when in or above water. (Stealth+)))
You have tentacles for arms and can constrict up to eight enemies at once.


Message History

Unknown command.
You slash the gnoll!
You kill the gnoll!
Okawaru accepts your kill.
No target in view!
No target in view!
Things that are here:
a +0 halberd; a gnoll corpse Unknown command.
No target in view!
You see here 2 stones.
A centaur comes into view.
Found a scroll of teleportation.
A centaur is nearby!
The centaur shouts!
You hear a shout!
You hear two shouts!
You hear an angry hiss.
You hear a shout! x2
The centaur closely misses you. You block the centaur's attack.
A two-headed ogre comes into view.
It is wielding a +0 giant spiked club and a +0 giant club.
The centaur hits you. You block the centaur's attack.
You hit the centaur.
The centaur is lightly wounded.
You block the centaur's attack. x2; The centaur hits you.
You block the centaur's attack.
You slash the centaur!
The centaur is severely wounded.
You block the centaur's attack. x2
An orc comes into view. It is wielding a +0 mace.
Unknown command.
The centaur wields a +4 orcbow.
The centaur shoots an arrow.
You block the arrow.
A hound comes into view.
The orc shouts!
The hound barks!
You hear an angry buzzing noise.
You hear an angry hiss.
You fade into invisibility!
A killer bee comes into view.
The two-headed ogre hits you with a +0 giant spiked club!!
Ouch! That really hurt!
The two-headed ogre hits you with a +0 giant club!!
You die...

#.........##.####.#
###.........##.####.#
####...........##.......
...........##..####.##.#
.........#..#..# #.##.#
#.....#...#....# ##.#
#.###.#....#........ #.#
#..y.c#.....#..#.... #.#
#.oO@.#..........##.#
#?###.#.............. #
..#.....#..####.. #
....#......###.# ###.
.......#... ..... ...>#
##.# #..


You could see a two-headed ogre (unable to see you), a centaur (unable to see
you), a killer bee (wandering, unable to see you) and an orc (unable to see
you).

Vanquished Creatures
  A water moccasin (D:6)
  A black bear (D:3)
  2 centaurs (D:6)
  A phantom (D:6)
  6 hounds
  A jelly (D:6)
  An orc priest (D:6)
  3 iguanas
  7 adders
  4 gnolls (D:7)
  A dart slug (D:1)
  20 orcs
  6 ball pythons
  11 endoplasms
  7 goblins
  8 hobgoblins
  6 jackals
  8 kobolds
  3 quokkas
  4 bats
  2 frilled lizards (D:2)
  6 rats
109 creatures vanquished.

Notes
Turn   | Place    | Note
-------+----------+-------------------------------------------
     0 | D:1      | Kurtz the Octopode Fighter began the quest for the Orb.
     0 | D:1      | Reached XP level 1. HP: 16/16 MP: 1/1
   196 | D:1      | Reached XP level 2. HP: 16/21 MP: 2/2
   230 | D:1      | Reached skill level 3 in Axes
   629 | D:1      | Reached XP level 3. HP: 26/26 MP: 3/3
   654 | D:1      | Found a faded altar of an unknown god.
  1320 | D:2      | Reached skill level 4 in Axes
  1366 | D:2      | Identified the +0 pair of gloves of the Wumpus {rPois rCorr
                  | Int-5}
  1402 | D:2      | Reached XP level 4. HP: 31/31 MP: 4/4
  2303 | D:3      | Found Enlidaiziwn's Jewellery Shoppe.
  2687 | D:3      | Noticed a black bear
  2699 | D:3      | Reached skill level 5 in Axes
  2699 | D:3      | Reached skill level 1 in Shapeshifting
  2699 | D:3      | Reached XP level 5. HP: 21/36 MP: 5/5
  2706 | D:3      | Killed a black bear
  2707 | D:3      | Reached XP level 6. HP: 9/42 MP: 6/6
  2946 | D:3      | Found a basalt altar of Yredelemnul.
  2946 | D:3      | Found an ornate altar of the Wu Jian Council.
  3120 | D:4      | Reached skill level 6 in Axes
  3734 | D:5      | Entered Level 5 of the Dungeon
  3903 | D:5      | Found a runed translucent door.
  3903 | D:5      | Noticed nebug's ghost (novice MfGl)
  3939 | D:5      | Noticed Sigmund
  4014 | D:6      | Found Joiroena's Distillery.
  4017 | D:6      | Bought a potion of heal wounds for 65 gold pieces
  4017 | D:6      | Bought a potion of invisibility for 104 gold pieces
  4065 | D:6      | Found a sparkling altar of Nemelex Xobeh.
  4159 | D:6      | Reached XP level 7. HP: 33/46 MP: 7/7
  4255 | D:6      | Reached skill level 7 in Axes
  4327 | D:6      | Found a staircase to the Ecumenical Temple.
  4466 | Temple   | Entered the Ecumenical Temple
  4487 | Temple   | Became a worshipper of Warmaster Okawaru
  4709 | D:6      | Found Zeeho's Assorted Antiques.
  4718 | D:6      | Found Kicigod's General Store.
  4746 | D:6      | Bought a twisted gold wand for 96 gold pieces
  5136 | D:6      | Found Murchi's Antique Armour Shop.
  5195 | D:6      | Found Boclocw's Magic Scroll Emporium.
  5208 | D:6      | Reached XP level 8. HP: 38/52 MP: 8/8
  5210 | D:6      | Reached * piety under Okawaru
  5211 | D:6      | Reached skill level 5 in Shields
  5312 | D:6      | Bought a scroll of identify for 30 gold pieces
  5312 | D:6      | Bought a scroll of teleportation for 45 gold pieces
  5710 | D:7      | Noticed a two-headed ogre
  5714 | D:7      | Slain by a two-headed ogre

Illustrated notes

Levels and vault maps discovered:
D:1:      dpeg_arrival_signposts, layout_loops_ring,
          shapermc_ecumenical_altar_notcrosses, nicolae_houndstooth_variations
D:2:      layout_loops_cross, kennysheep_generic_room_2
D:3:      layout_basic, gammafunk_temple_overflow_statue, serial_shops,
          nicolae_shop_real_fake_doors, chequers_serial_rivers_micro_a
D:4:      layout_loops_cross, chequers_serial_rivers_micro_b
D:5:      layout_gridville, serial_shops, shop, gammafunk_ghost_grave,
          nicolae_shop_sticking_my_neck_out, uniq_sigmund
D:6:      layout_loops_corners, lemuel_round_altar,
          minmay_temple_entry_proselytizer, serial_shops, shop,
          nicolae_shop_temple_entry_statues_fountains, nicolae_shop_tiny_glass,
          shop, shop_coins
D:7:      hangedman_cross_stitches, layout_basic, mainiacjoe_overflow_24_doors,
          kennysheep_generic_room_11
Temple:   nicolae_temple_bog_church

Skill      XL: |  1  2  3  4  5  6  7  8 |
---------------+-------------------------+-----
Axes           | 3 4 5 6 7 |  7.5
Shapeshifting  | 1 |  1.9
Shields        | 4 5 |  5.5
Fighting       | |  3.1
Dodging        | |  3.0
Invocations    | |  0.4

Action                     |  1- 3 |  4- 6 |  7- 9 || total
---------------------------+-------+-------+-------++-------
  Melee: War axe           |    52 |   113 |    50 ||   215
         Constrict         |    13 |    23 |    13 ||    49
         Tentacles         |     5 |    21 |    12 ||    38
         Punch             |       |     2 |     1 ||     3
  Throw: Boomerang         |       |       |     5 ||     5
    Use: Potion            |       |     1 |     1 ||     2
         Scroll            |       |       |     5 ||     5
   Stab: Sleeping          |     6 |     8 |     3 ||    17
 Armour: Skin              |    19 |    49 |    45 ||   113
  Dodge: Dodged            |    29 |    55 |    22 ||   106
  Block: Buckler           |    11 |    29 |     3 ||    43
         Tower shield      |       |       |    44 ||    44

Table legend: (Time is in decaauts)
 A = Elapsed time spent in this place.
 B = Non-inter-level travel time spent in this place.
 C = Inter-level travel time spent in this place.
 D = Time resting spent in this place.
 E = Time spent auto-exploring this place.
 F = Levels seen in this place.
 G = Mean time per level.
                   A        B        C        D        E       F      G
               +--------+--------+--------+--------+--------+-----+--------+
         Total |   5795 |   5387 |    408 |    902 |   3692 |   8 |  724.4 |
       Dungeon |   5754 |   5365 |    389 |    902 |   3692 |   7 |  822.0 |
        Temple |     40 |     21 |     19 |      0 |      0 |   1 |   40.0 |
               +--------+--------+--------+--------+--------+-----+--------+

Top non-repeatable levels by time:
     D:6: 1569 daAuts
     D:1: 1246 daAuts
     D:3: 1062 daAuts
     D:2: 814 daAuts
     D:4: 660 daAuts
     D:5: 225 daAuts
     D:7: 175 daAuts
  Temple: 40 daAuts
